 Dungeon Crawl Stone Soup version 0.19.1 (webtiles) character file.

59 Menchi the Charmwright (level 4, 0/34 HPs)
             Began as a Formicid Skald on Dec 16, 2016.
             Succumbed to an adder's poison
             ... on level 2 of the Dungeon.
             The game lasted 00:04:42 (1183 turns).

Menchi the Charmwright (Formicid Skald)             Turns: 1183, Time: 00:04:43

Health: 0/34       AC:  3    Str: 22    XL:     4   Next: 22%
Magic:  7/7        EV: 17    Int: 11    God:
Gold:   80         SH:  0    Dex: 16    Spells: 1 memorised, 6 levels left

rFire  . . .     SeeInvis +     a - +0 falchion
rCold  . . .     Gourm    .     b - +0 leather armour
rNeg   . . .     Faith    .     (no shield)
rPois  .         Spirit   .     (helmet unavailable)
rElec  .         Reflect  .     (no cloak)
rCorr  .         Harm     .     (no gloves)
MR     +....                    (no boots)
Stlth  ++........               (no amulet)
                                (no ring)
                                h - ring of protection from magic

@: mighty, agile, lethally poisoned (0 -> -1)
A: permanent stasis, dig shafts and tunnels, four strong arms, antennae 3
a: Dig, Shaft Self


You were on level 2 of the Dungeon.
You were not hungry.

You visited 1 branch of the dungeon, and saw 2 of its levels.

You collected 80 gold pieces.

Inventory:

Hand Weapons
 a - a +0 falchion (weapon)
Armour
 b - a +0 leather armour (worn)
Jewellery
 h - a ring of protection from magic (left hand)
Scrolls
 e - 2 scrolls of recharging {unknown}
 i - a scroll of identify {unknown}
 j - a scroll of noise {unknown}
Potions
 g - a potion of agility
 l - a potion of cure mutation {unknown}
Books
 c - a book of Battle

   Spells                             Type                      Level
   a - Infusion                       Charms                       1
   b - Shroud of Golubria             Charms/Translocation         2
   c - Song of Slaying                Charms                       2
   d - Spectral Weapon                Hexes/Charms                 3
   e - Regeneration                   Charms/Necromancy            3
Comestibles
 d - 2 bread rations
 f - a meat ration


   Skills:
 + Level 2.7 Fighting
 * Level 2.5 Long Blades
 * Level 2.5 Armour
 + Level 1.2 Dodging
 + Level 2.2 Spellcasting
 + Level 3.2 Charms


You had 6 spell levels left.
You knew the following spells:

 Your Spells              Type           Power        Failure   Level  Hunger
a - Infusion              Chrm           #...         12%         1    ##.....


Dungeon Overview and Level Annotations

Branches:
Dungeon (2/15)

Altars:

Annotations:
D:2 1 runed door


Innate Abilities, Weirdness & Mutations

You are under a permanent stasis effect.
You can dig through walls and to a lower floor.
Your four strong arms can wield two-handed weapons with a shield.
You have a pair of large antennae on your head. (SInv)


Message History

The adder is almost dead.
The adder barely misses you.
You closely miss the adder.
The adder is almost dead.
The adder misses you.
You riposte.
You closely miss the adder.
The adder is almost dead.
The adder misses you.
You slash the adder!
You kill the adder!
* * * LOW HITPOINT WARNING * * *
You feel sick.
You closely miss the goblin. The goblin closely misses you.
You closely miss the goblin. The goblin hits you with a club.
* * * LOW HITPOINT WARNING * * *
You miss the goblin. The goblin closely misses you.
You riposte.
You slash the goblin!
You kill the goblin!
You hit the dart slug.
The dart slug is heavily wounded.
You die...

##.....[.....<....#
##...............#
###........÷....#
#####.>....##....#
...........##....#
####.w.....##....#
##..........##....#
#...........####w##
#..###.....## #@.#
w..# #....## ##.###
.### #..### #...# #
#..# ###.## #.##
##...# ### { #....#
#....# ♣....♣
♣...♣♣


You could see a dart slug.

Vanquished Creatures
  2 adders (D:2)
  A dart slug (D:1)
  3 leopard geckos (D:1)
  A ball python (D:1)
  4 bats
  A giant cockroach (D:1)
  6 goblins
  3 hobgoblins
  3 jackals (D:2)
  2 kobolds (D:1)
  4 frilled lizards
  4 rats
34 creatures vanquished.

Notes
Turn   | Place    | Note
-------+----------+-------------------------------------------
     0 | D:1      | Menchi the Formicid Skald began the quest for the Orb.
     0 | D:1      | Reached XP level 1. HP: 16/16 MP: 3/3
   152 | D:1      | Reached XP level 2. HP: 22/22 MP: 5/5
   168 | D:1      | Reached skill level 1 in Dodging
   501 | D:1      | You fall through a shaft!
   504 | D:2      | Reached XP level 3. HP: 28/28 MP: 6/6
  1112 | D:2      | Found a runed door.
  1172 | D:2      | Reached XP level 4. HP: 8/34 MP: 7/7
  1181 | D:2      | HP: 1/34 [goblin/club (1)]
  1183 | D:2      | Succumbed to an adder's poison

Skill      XL: |  1  2  3 |
---------------+----------+-----
Dodging        | 1 |  1.2
Armour         | 2 |  2.5
Fighting       | |  2.7
Long Blades    | |  2.5
Spellcasting   | |  2.2
Charms         | |  3.2

Action                   |  1- 3 |  4- 6 || total
-------------------------+-------+-------++-------
Melee: Falchion          |    93 |    11 ||   104
  Use: Potion            |     2 |       ||     2
  Eat: Chunk             |     1 |       ||     1
Armor: Leather armour    |    29 |       ||    29
Dodge: Dodged            |    68 |    10 ||    78
       Rpst.: Falchion   |    25 |     6 ||    31
